 Dungeon Sprint DCSS version 0.29.1-2-gbd0b4ee654 (webtiles) character file.

Game seed: 7683568500127368805

132 boopmooplesden the Cleaver (level 7, -15/78 HPs)
             Began as a Minotaur Berserker on Nov 21, 2022.
             Was a High Priest of Trog.
             Demolished by a merfolk
             ... wielding a +0 trident
              (16 damage)
             ... in the Dungeon (Sprint VI: "Thunderdome").
             The game lasted 00:02:09 (441 turns).

boopmooplesden the Cleaver (Minotaur Berserker)      Turns: 441, Time: 00:02:09

Health: -15/78     AC: 11    Str: 31    XL:     7   Next: 83%
Magic:  6/6        EV: 11    Int:  4    God:    Trog [*****.]
Gold:   145        SH:  5    Dex: 13    Spells: 6/6 levels left

rFire   . . .      SeeInvis .   q - +0 broad axe
rCold   . . .      Faith    .   (no shield)
rNeg    + . .      Spirit   .   p - +0 chain mail
rPois   +          Reflect  +   (helmet restricted)
rElec   .          Harm     .   (no cloak)
rCorr   +          Rampage  .   (no gloves)
Will    .....      NoTele   +   (no boots)
Stlth   ..........              n - amulet "Obbet" {Reflect rPois rN+ rCorr Dex+3 SH+5}
HPRegen 0.23/turn               m - ring of Spite {rPois Str+8 Int-2 Slay+4}
MPRegen 0.10/turn               o - ring "Vetid" {rCorr Int+2 Stlth+}

@: on berserk cooldown, slowed, very slow
A: horns 2, retaliatory headbutt
a: Renounce Religion, Berserk, Trog's Hand, Brothers in Arms


You were in the Dungeon.
You worshipped Trog.
Trog was extremely pleased with you.
You visited 1 branch You collected 400 gold pieces.
You spent 255 gold pieces at shops.

Inventory:

Hand Weapons
 a - a +0 hand axe
 q - a +0 broad axe (weapon)
Armour
 b - a +0 animal skin
 p - a +0 chain mail (worn)
Jewellery
 m - the ring of Spite (left hand) {rPois Str+8 Int-2 Slay+4}
   (You bought it in a shop in the Dungeon)

   [ring of slaying]

   Str:       It affects your strength (+8).
   Int:       It affects your intelligence (-2).
   Slay:      It affects your accuracy & damage with ranged weapons and melee
   (+4).
   rPois:     It protects you from poison.
 n - the amulet "Obbet" (around neck) {Reflect rPois rN+ rCorr Dex+3 SH+5}
   (You bought it in a shop in the Dungeon)

   [amulet of reflection]

   It reflects blocked missile attacks.
   Dex:       It affects your dexterity (+3).
   rPois:     It protects you from poison.
   rN:        It protects you from negative energy.
   rCorr:     It protects you from acid and corrosion.
   SH:        It affects your SH (+5).
 o - the ring "Vetid" (right hand) {rCorr Int+2 Stlth+}
   (You bought it in a shop in the Dungeon)

   [ring of resist corrosion]

   Int:       It affects your intelligence (+2).
   rCorr:     It protects you from acid and corrosion.
   Stlth:     It makes you more stealthy.
Wands
 j - a wand of quicksilver (5)
 k - a wand of iceblast (5)
Scrolls
 h - 4 scrolls of blinking
 l - 3 scrolls of fog
Potions
 c - a potion of curing
 d - 4 potions of heal wounds
 e - 4 potions of haste
 f - 2 potions of magic
 g - a potion of berserk rage
 i - a potion of resistance


   Skills:
 + Level 12.4 Fighting
 + Level 13.4 Axes
 + Level 8.9 Armour
 + Level 6.1 Dodging
 + Level 0.2 Shields


You had 6 spell levels left.
You didn't know any spells.
Your spell library was empty.

Dungeon Overview and Level Annotations

Branches:
Dungeon (1/1)

Altars:
Cheibriados
Dithmenos
Fedhas
Gozag
Kikubaaqudgha
Makhleb
Okawaru
Qazlal
Ru
Sif Muna
Trog
Uskayaw
Vehumet
Wu Jian
Xom
Yredelemnul
Zin
The Shining One
Lugonu

Shops:
D *[??*?*:[((!!!!


Innate Abilities, Weirdness & Mutations

You have a pair of horns on your head.
You reflexively headbutt those who attack you in melee.


Message History

The merfolk shouts!
The merfolk hits you from afar with a +0 trident!
A red film seems to cover your vision as you go berserk!
You feel yourself moving faster!
You feel mighty!
The merfolk hits you from afar with a +0 trident.
You feel a strong urge to attack something.
You slash the merfolk!
The merfolk is moderately wounded.
The merfolk hits you with a +0 trident!!
The merfolk misses you.
You completely miss the merfolk. You headbutt the merfolk!
The merfolk is heavily wounded.
The merfolk barely misses you.
The merfolk hits you from afar with a +0 trident!!
* * * LOW HITPOINT WARNING * * *
You slash the merfolk! You headbutt the merfolk!
The merfolk is almost dead.
You hit the merfolk but do no damage. Your headbutt misses the merfolk.
The merfolk is almost dead.
You block the merfolk's attack.
The merfolk hits you from afar with a +0 trident!
* * * LOW HITPOINT WARNING * * *
You slice the merfolk!!
You kill the merfolk!
Trog accepts your kill.
The merfolk throws a throwing net.
The throwing net hits you.
You become entangled in the net!
Your Fighting skill increases to level 12!
Your Axes skill increases to level 13!
Your Dodging skill increases to level 6!
You tear a large gash into the net.
You shred the net and break free!
You feel a strong urge to attack something.
You are no longer berserk.
You are exhausted.
You feel yourself slow down.
The merfolk hits you from afar with a +0 trident.
* * * LOW HITPOINT WARNING * * *
The merfolk hits you with a +0 trident!
You die...

######.8...).....8.######
##.___....[)###.......__∩##
##∩........8.# #.8........∩###
.............###.............##
........).###...###..........⌠#
........÷.# #.<.# #..........⌠#
..........###...###..........⌠#
.............###.............##
##∩........8)# #@8........∩###
##∩___....[.###m......__∩##
######.8..÷..[...8.######
#⌠...........⌠# ###.........###
#_......._# #_......._#
#_......._# #∩.......∩#


You could see a merfolk.

Vanquished Creatures
  A merfolk (D)
  Sigmund (D)
  A warg (D)
  An orc warrior (D)
  An ogre (D)
  Blork the orc (D)
  3 jellies (D)
  An orc priest (D)
  Jessica (D)
  Terence (D)
  An orc wizard (D)
  2 endoplasms (D)
  A ball python (D)
  A rat (D)
17 creatures vanquished.

Notes
Turn   | Place    | Note
-------+----------+-------------------------------------------
     0 | D        | boopmooplesden the Minotaur Berserker began the quest for
                  | the Orb.
     0 | D        | Reached XP level 1. HP: 19/19 MP: 0/0
     0 | D        | Found a stormy altar of Qazlal.
     0 | D        | Found a bloodstained altar of Trog.
     3 | D        | Found an iron altar of Okawaru.
     4 | D        | Found a glowing silver altar of Zin.
     4 | D        | Found a corrupted altar of Lugonu.
     5 | D        | Found an ancient bone altar of Kikubaaqudgha.
     5 | D        | Found an ornate altar of the Wu Jian Council.
     5 | D        | Round 1.
     6 | D        | Found Geycipp's Identification Station.
     6 | D        | Found a basalt altar of Yredelemnul.
     7 | D        | Found Taahun's Advanced Armour.
     7 | D        | Found Leihiur's Jewellery.
    16 | D        | Bought a crude wooden ring for 45 gold pieces
    16 | D        | Identified the ring of Spite {rPois Str+8 Int-2 Slay+4}
                  | (You bought it in a shop in the Dungeon)
    16 | D        | Bought a heavily runed bone amulet for 45 gold pieces
    16 | D        | Identified the amulet "Obbet" {Reflect rPois rN+ rCorr
                  | Dex+3 SH+5} (You bought it in a shop in the Dungeon)
    16 | D        | Bought a steaming granite ring for 45 gold pieces
    16 | D        | Identified the ring "Vetid" {rCorr Int+2 Stlth+} (You
                  | bought it in a shop in the Dungeon)
    24 | D        | Noticed Terence
    35 | D        | Killed Terence
    36 | D        | Reached skill level 5 in Fighting
    36 | D        | Reached skill level 5 in Axes
    36 | D        | Reached XP level 2. HP: 29/29 MP: 1/1
    58 | D        | Found a hide-covered altar of Uskayaw.
    60 | D        | Found a blossoming altar of Fedhas.
    60 | D        | Found a burning altar of Makhleb.
    60 | D        | Found Inuhubo's Magic Scroll Shop.
    60 | D        | Found Kiotiw's Staff Store.
    61 | D        | Found Wipsis's Magic Scroll Shop.
    61 | D        | Found Soohi's Must-Have Magic.
    65 | D        | Found a shadowy altar of Dithmenos.
    66 | D        | Found a glowing golden altar of the Shining One.
    67 | D        | Found Ole Odoe's Distillery.
    68 | D        | Found Qeacenua's Distillery.
    68 | D        | Found Neumug's Bottled Wisdom.
    68 | D        | Found a snail-covered altar of Cheibriados.
    68 | D        | Found a shimmering altar of Xom.
    68 | D        | Found Qaylux's Do-It-Yourself Clinic.
    72 | D        | Found a shimmering blue altar of Sif Muna.
    73 | D        | Found a radiant altar of Vehumet.
    74 | D        | Found an opulent altar of Gozag.
    75 | D        | Found a sacrificial altar of Ru.
    75 | D        | Found Rifepir's Weapon Rack.
    75 | D        | Found Jatonas's Premium Goods.
    76 | D        | Found Pownar's Basic Armour.
    76 | D        | Found Xacut's Miscellaneous Merchandise.
   140 | D        | Noticed Sigmund
   162 | D        | Killed Sigmund
   162 | D        | Reached ** piety under Trog
   163 | D        | Reached skill level 8 in Axes
   163 | D        | Reached skill level 5 in Armour
   163 | D        | Reached XP level 3. HP: 22/41 MP: 2/2
   163 | D        | Reached XP level 4. HP: 26/49 MP: 3/3
   163 | D        | Reached XP level 5. HP: 30/56 MP: 4/4
   176 | D        | Noticed Jessica
   180 | D        | Killed Jessica
   180 | D        | Arena points: 12 (+12) [x2]
   181 | D        | Reached skill level 9 in Axes
   208 | D        | Round 2.
   220 | D        | Reached *** piety under Trog
   271 | D        | Reached skill level 10 in Axes
   271 | D        | Reached XP level 6. HP: 55/66 MP: 5/5
   280 | D        | Reached **** piety under Trog
   280 | D        | Arena points: 48 (+36) [x3]
   281 | D        | Reached skill level 10 in Fighting
   348 | D        | Round 3.
   351 | D        | Bought a +0 broad axe for 120 gold pieces
   369 | D        | Noticed an orc warrior
   369 | D        | Noticed Blork the orc
   376 | D        | Killed Blork the orc
   376 | D        | Killed an orc warrior
   376 | D        | Noticed a warg
   377 | D        | Reached skill level 11 in Axes
   377 | D        | Reached skill level 5 in Dodging
   378 | D        | Reached XP level 7. HP: 74/74 MP: 6/6
   382 | D        | Reached ***** piety under Trog
   383 | D        | Reached skill level 12 in Axes
   396 | D        | Arena points: 132 (+84) [x4]
   416 | D        | Round 4.
   426 | D        | Noticed a merfolk
   431 | D        | Noticed a merfolk
   438 | D        | Killed a merfolk
   439 | D        | Reached skill level 13 in Axes
   440 | D        | HP: 1/78 [merfolk/+0 trident (4)]
   441 | D        | Demolished by a merfolk

Illustrated notes

Levels and vault maps discovered:
D:        arena_sprint

Skill      XL: |  1  2  3  4  5  6  7 |
---------------+----------------------+-----
Fighting       | 5 8 9 11 12 | 12.4
Axes           | 5 8 10 11 13 | 13.4
Armour         | 3 5 6 7 8 |  8.9
Dodging        | 3 4 5 6 |  6.1
Shields        | |  0.2

Action                   |  1- 3 |  4- 6 |  7- 9 || total
-------------------------+-------+-------+-------++-------
Melee: Hand axe          |    12 |    10 |       ||    22
       Headbutt          |     4 |     4 |     4 ||    12
       Punch             |       |     1 |       ||     1
       Broad axe         |       |     5 |    11 ||    16
Invok: Berserk           |       |     1 |     1 ||     2
Armor: Chain mail        |     1 |     1 |     1 ||     3
Dodge: Dodged            |     3 |     6 |     5 ||    14
Block: Other             |     3 |     1 |     2 ||     6
